 Dungeon Crawl Stone Soup version 0.26.1-2-gb8aa6d0 (webtiles) character file.

Game seed: 12570385594071160668

1770 AmazingTV the Fighter (level 8, -1/78 HPs)
             Began as a Minotaur Berserker on June 3, 2021.
             Was an Elder of Trog.
             Slain by an orc warrior
             ... wielding a +0 halberd
              (8 damage)
             ... on level 7 of the Dungeon on June 4, 2021.
             The game lasted 01:01:23 (5402 turns).

AmazingTV the Fighter (Minotaur Berserker)          Turns: 5402, Time: 01:01:24

Health: -1/78      AC: 10    Str: 24    XL:     8   Next: 80%
Magic:  25/25      EV:  9    Int:  4    God:    Trog [****..]
Gold:   399        SH:  0    Dex: 10    Spells: 7/7 levels left

rFire    . . .     SeeInvis .   a - +0 mace
rCold    . . .     Faith    .   (no shield)
rNeg     . . .     Spirit   .   p - +0 chain mail
rPois    .         Reflect  .   (helmet restricted)
rElec    .         Harm     .   (no cloak)
rCorr    .         Rampage  .   (no gloves)
Will     .....                  (no boots)
Stlth    ..........             (no amulet)
HPRegen  0.23/turn              u - ring of magical power
MPRegen  0.19/turn              B - ring of magical power

@: brilliant, berserk cooldown, slowed, very slow
A: retaliatory headbutt, horns 2
a: Renounce Religion, Berserk, Trog's Hand, Brothers in Arms


You were on level 7 of the Dungeon.
You worshipped Trog.
Trog was greatly pleased with you.
You visited 2 branches of the dungeon, and saw 8 of its levels.

You collected 399 gold pieces.

Inventory:

Hand Weapons
 a - a +0 mace (weapon)
 b - a +0 hunting sling
 f - a +0 hand axe
 q - a +2 vorpal long sword
 x - a +0 short sword
 y - a +0 flail
 z - a +0 hunting sling
 M - a +0 long sword
Missiles
 g - 113 stones
 m - 50 arrows
 n - 7 poisoned darts
 F - 8 atropa-tipped darts
Armour
 d - a +0 ring mail
 o - a +0 plate armour
 p - a +0 chain mail (worn)
 K - a +0 scale mail
 P - a +0 ring mail
Jewellery
 u - a ring of magical power (left hand)
 B - a ring of magical power (right hand)
 I - the amulet "Vatixuo" {Spirit rElec rC+, unknown}
   (You found it on level 6 of the Dungeon)

   [amulet of guardian spirit]

   It causes incoming damage to be split between your health and magic.
   It protects you from cold.
   It insulates you from electricity.
 J - an uncursed ring of wizardry {unknown}
 Q - an uncursed amulet of faith {unknown}
Wands
 G - a wand of acid (9)
 N - a wand of flame (42) (quivered)
Scrolls
 c - 11 scrolls of identify
 e - 2 scrolls of remove curse
 j - 2 scrolls of amnesia {unknown}
 t - a scroll of immolation {unknown}
 v - 3 scrolls of teleportation {unknown}
 A - a scroll of enchant armour {unknown}
 C - a scroll of noise {unknown}
 E - 2 scrolls of enchant weapon {unknown}
 L - 2 scrolls of random uselessness {unknown}
Potions
 h - a potion of mutation {unknown}
 i - a potion of attraction {unknown}
 k - 3 potions of flight
 l - a potion of magic {unknown}
 r - 3 potions of haste {unknown}
 s - 3 potions of resistance {unknown}
 w - a potion of brilliance
 D - a potion of ambrosia {unknown}
 H - 2 potions of curing {unknown}
 O - a potion of lignification {unknown}


   Skills:
 + Level 9.0 Fighting
 * Level 3.0(5.8) Axes
 + Level 7.7(8.3) Maces & Flails
 * Level 2.6(5.6) Staves
 - Level 1.4(1.8) Slings
 - Level 1.3(1.6) Throwing
 + Level 5.8 Armour
 + Level 3.7 Dodging
 + Level 0.4 Stealth
 + Level 0.3 Evocations


You had 7 spell levels left.
You didn't know any spells.
Your spell library contained the following spells:

 Spells                   Type           Power        Failure   Level
 Corona                   Hex            0%           98%         1
 Ensorcelled Hibernation  Hex/Ice        0%           99%         2
 Poisonous Vapours        Pois/Air       0%           99%         2
 Confusing Touch          Hex            0%           100%        3
 Conjure Flame            Conj/Fire      0%           100%        3
 Dazzling Flash           Conj/Hex       0%           100%        3
 Mephitic Cloud           Conj/Pois/Air  0%           100%        3
 Tukima's Dance           Hex            0%           100%        3
 Freezing Cloud           Conj/Ice/Air   0%           100%        6


Dungeon Overview and Level Annotations

Branches:
Dungeon (7/15)             Temple (1/1) D:4

Altars:
Ashenzari
Cheibriados
Dithmenos
Elyvilon
Fedhas
Gozag
Hepliaklqana
Kikubaaqudgha
Makhleb
Nemelex Xobeh
Qazlal
Ru
Uskayaw
Vehumet
Wu Jian
Zin
The Shining One


Innate Abilities, Weirdness & Mutations

You reflexively headbutt those who attack you in melee.
You have a pair of horns on your head.


Message History

You destroy the wight!
Trog accepts your kill.
The orc warrior hits you from afar with a +0 halberd.
Your Fighting skill increases to level 9!
Your base Axes skill increases to level 3!
You feel a strong urge to attack something.
You feel your anger nearly subside.
You are no longer berserk.
You are exhausted.
You feel yourself slow down.
The wight hits you from afar with a cursed +0 trident!
You closely miss the orc warrior.
The orc warrior is moderately wounded.
The orc warrior hits you with a +0 halberd!
* * * LOW HITPOINT WARNING * * *
The wight closely misses you.
Okay, then.
It was a potion of brilliance.
You feel clever all of a sudden.
The orc warrior hits you with a +0 halberd!
You die...

........#..### #...........
##...........###...........
####...##............(...
#.<#####.............. #..#
###............ #..#
#zz#........( #..#
#zo##.......( ##..#
##o###....... ###...## #@#
#...... ###......## #.#
#..... ....#.....### #.#
.#... ######.##...####.#
###. # #.####...##.# #.#
###..#.# #.# #..#.# ###
######


You could see an orc warrior, 3 wights and an orc.

Vanquished Creatures
  Prince Ribbit (D:5)
  Sigmund (D:4)
  A sky beast (D:5)
  2 ice beasts (D:6)
  2 ogres
  2 scorpions
  A wight (D:7)
  2 hounds
  3 bullfrog skeletons
  An orc priest (D:4)
  6 orc wizards
  Jessica (D:2)
  Terence (D:3)
  3 iguanas
  5 worker ants
  3 hound skeletons
  A worker ant zombie (D:5)
  7 adders
  2 howler monkey skeletons
  An ooze (D:3)
  3 adder skeletons
  2 worms
  A dart slug (D:1)
  19 orcs
  2 ball pythons
  5 giant cockroaches
  6 goblins
  9 hobgoblins
  8 jackals
  13 kobolds
  2 quokkas (D:3)
  11 bats
  5 frilled lizards
  A leopard gecko zombie (D:7)
  A quokka skeleton (D:5)
  A quokka zombie (D:6)
  9 rats
144 creatures vanquished.

Vanquished Creatures (others)
  5 plants (D:2)
5 creatures vanquished.

Grand Total: 149 creatures vanquished

Notes
Turn   | Place    | Note
-------+----------+-------------------------------------------
     0 | D:1      | AmazingTV the Minotaur Berserker began the quest for the
                  | Orb.
     0 | D:1      | Reached XP level 1. HP: 19/19 MP: 0/0
     6 | D:1      | Noticed a salamander
     6 | D:1      | Noticed a black bear
     6 | D:1      | Noticed a hog
   262 | D:1      | Reached XP level 2. HP: 24/27 MP: 1/1
   263 | D:1      | Reached skill level 4 in Fighting
   497 | D:1      | Reached ** piety under Trog
   709 | D:2      | Reached XP level 3. HP: 30/33 MP: 2/2
   849 | D:2      | Noticed Jessica
   856 | D:2      | Killed Jessica
   857 | D:2      | Reached skill level 1 in Slings
   857 | D:2      | Reached skill level 1 in Throwing
   928 | D:2      | Reached XP level 4. HP: 41/41 MP: 3/3
  1222 | D:2      | Found a faded altar of an unknown god.
  1283 | D:3      | Noticed Terence
  1293 | D:3      | Killed Terence
  1432 | D:3      | Reached *** piety under Trog
  1434 | D:3      | Reached XP level 5. HP: 42/47 MP: 4/4
  1439 | D:3      | Reached skill level 5 in Fighting
  1821 | D:3      | Reached skill level 5 in Maces & Flails
  2101 | D:4      | Reached XP level 6. HP: 55/57 MP: 5/5
  2121 | D:4      | Found a sparkling altar of Nemelex Xobeh.
  2147 | D:4      | Reached skill level 6 in Fighting
  2336 | D:4      | Noticed Sigmund
  2340 | D:4      | Killed Sigmund
  2374 | D:4      | Reached XP level 7. HP: 34/64 MP: 6/6
  2571 | D:4      | Reached skill level 7 in Fighting
  2596 | D:4      | Found an ancient bone altar of Kikubaaqudgha.
  2602 | D:4      | Found a white marble altar of Elyvilon.
  2609 | D:4      | Found a glowing golden altar of the Shining One.
  2622 | D:4      | Found a blossoming altar of Fedhas.
  2622 | D:4      | Found a shadowy altar of Dithmenos.
  2943 | D:4      | Found a staircase to the Ecumenical Temple.
  2949 | Temple   | Entered the Ecumenical Temple
  3216 | D:5      | Entered Level 5 of the Dungeon
  3243 | D:5      | Noticed Prince Ribbit
  3258 | D:5      | Killed Prince Ribbit
  3258 | D:5      | Reached **** piety under Trog
  3259 | D:5      | Reached skill level 8 in Fighting
  3259 | D:5      | Reached XP level 8. HP: 69/74 MP: 7/7
  3349 | D:5      | Reached skill level 5 in Armour
  3696 | D:5      | Reached skill level 1 in Axes
  4080 | D:5      | Found a burning altar of Makhleb.
  4414 | D:6      | Reached skill level 1 in Staves
  4739 | D:6      | Got a glittering zirconium amulet
  5397 | D:7      | Reached skill level 9 in Fighting
  5402 | D:7      | Slain by an orc warrior

Illustrated notes

Levels and vault maps discovered:
D:1:      onia_arrival_zoo_common, layout_rooms
D:2:      layout_rooms, chequers_ecumenical_altar_lobes,
          kennysheep_generic_room_7, uniq_jessica
D:3:      layout_basic, uniq_terence
D:4:      layout_loops_corners, minmay_overflow_temple_star_hex,
          kennysheep_mini, minmay_temple_entry_hall, chequers_mini_garden,
          amcnicky_mini_pool_small, st_stairs_13, serial_park_tiny_pond,
          uniq_sigmund
D:5:      layout_basic, old_standard_altar, uniq_prince_ribbit1
D:6:      layout_basic, okawaru_altar_gauntlet_db
D:7:      layout_layer_cave, lightli_temple_of_fire, tgw_xom
Temple:   minmay_temple_bridge_abc

Skill      XL: |  1  2  3  4  5  6  7  8 |
---------------+-------------------------+-----
Fighting       | 4 5 6 8 9 |  9.0
Maces & Flails | 4 5 6 7 |  7.7
Slings         | 1 |  1.4
Throwing       | 1 |  1.3
Armour         | 3 4 5 |  5.8
Dodging        | 3 |  3.7
Axes           | 3 |  3.0
Staves         | 2 |  2.6
Stealth        | |  0.4
Evocations     | |  0.3

Action                   |  1- 3 |  4- 6 |  7- 9 || total
-------------------------+-------+-------+-------++-------
Melee: Mace              |    55 |   110 |   145 ||   310
       Headbutt          |     6 |    23 |    34 ||    63
 Fire: Hunting sling     |    30 |    53 |   101 ||   184
Throw: Stone             |     2 |       |     3 ||     5
       Dart              |       |       |     6 ||     6
Invok: Berserk           |     1 |     2 |     3 ||     6
       Trog's Hand       |       |     1 |     3 ||     4
Evoke: Wand              |       |       |     9 ||     9
  Use: Scroll            |       |     2 |     2 ||     4
       Potion            |       |       |     2 ||     2
 Stab: Invisible         |       |       |     1 ||     1
Armor: Animal skin       |     4 |       |       ||     4
       Ring mail         |    28 |    14 |       ||    42
       Chain mail        |       |    35 |    50 ||    85
Dodge: Dodged            |    38 |    74 |    66 ||   178
